Map: Thunderbird LE

Players

Mez

  • Race: Terran Terran
  • League: Master
  • Spawn Location: 5:00

KriKristina - Winner!

  • Race: Protoss Protoss
  • League: Master
  • Spawn Location: 11:00

VOD

Have the link to the VOD?

Description

Time

  • Played on: Sept. 2, 2019, 7 a.m.
  • Length: 13:15
Show
View Real Time Build Order
Export as new Build Order

Mez Terran 

Build Orders: Reaper Expand 

Get SALT Encoding   

  12  0:00  SCV  
  13  0:12  SCV  
  14  0:16  Supply Depot  
  14  0:25  SCV  
  15  0:38  SCV  
  15  0:39  Barracks  
  16  0:44  Refinery  
  16  0:50  SCV  
  17  1:02  SCV  
  18  1:14  SCV  
  19  1:28  Orbital Command, Reaper  
  20  1:38  Command Center  
  20  1:50  Bunker  
  20  1:51  Supply Depot  
  20  1:55  SCV  
  20  2:00  Marine  
  22  2:07  SCV  
  23  2:18  Barracks Reactor  
  23  2:21  SCV  
  24  2:37  Command Center  
  24  2:44  Factory  
  24  2:47  SCV  
  25  2:51  Orbital Command  
  25  2:54  Refinery  
  25  3:00  Marine x2  
  25  3:02  SCV  
  28  3:14  SCV  
  28  3:18  Marine  
  28  3:19  Marine  
  31  3:20  SCV  
  32  3:32  SCV  
  32  3:33  Widow Mine  
  35  3:37  Starport  
  35  3:38  SCV  
  35  3:39  Marine x2  
  38  3:44  SCV  
  39  3:50  Orbital Command, SCV  
  40  3:56  SCV  
  40  3:59  Widow Mine  
  40  4:00  Marine x2  
  40  4:02  SCV  
  46  4:05  Refinery  
  46  4:08  SCV  
  46  4:17  Barracks  
  46  4:18  Starport Reactor  
  46  4:19  Viking  
  46  4:20  Factory Tech Lab  
  48  4:27  SCV x2  
  48  4:28  Barracks  
  48  4:30  SCV  
  51  4:33  Supply Depot  
  51  4:34  Marine x2  
  53  4:39  SCV  
  53  4:43  SCV, Engineering Bay  
  52  4:45  Engineering Bay  
  52  4:51  Cyclone  
  55  4:53  Starport Reactor  
  55  4:59  SCV x2  
  58  5:00  SCV  
  58  5:03  Refinery  
  58  5:04  Supply Depot  
  58  5:09  Marine x2  
  58  5:12  Terran Infantry Armor Level 1, Terran Infantry Weapons Level 1  
  60  5:14  Barracks Tech Lab  
  60  5:17  SCV x2  
  62  5:32  Orbital Command  
  62  5:34  Factory Reactor, Missile Turret  
  61  5:37  Stimpack, Missile Turret  
  61  5:39  Marauder x2, Marine x2  
  61  5:40  Combat Shield  
  67  5:46  Supply Depot  
  67  5:48  Supply Depot, SCV x2  
  69  5:59  SCV  
  69  6:00  SCV  
  69  6:01  SCV  
  72  6:04  Marauder x2, Marine  
  72  6:07  Marine  
  78  6:12  Missile Turret  
  78  6:13  SCV x2  
  78  6:17  Supply Depot  
  80  6:22  Supply Depot  
  80  6:24  Barracks  
  80  6:25  Barracks  
  80  6:26  Medivac x2  
  84  6:33  SCV x2  
  84  6:37  Marauder x2  
  84  6:38  Marine x2  
  92  6:43  SCV  
  92  6:45  SCV  
  94  6:50  Supply Depot  
  94  6:51  Armory  
  94  6:54  Supply Depot  
  94  6:55  Widow Mine x2  
  94  6:56  SCV x2, Marine  
  94  6:58  SCV  
  94  6:59  Refinery  
  102  7:06  Medivac  
  102  7:07  Medivac  
  106  7:08  SCV x2  
  106  7:10  SCV  
  106  7:12  Marauder x2, Marine  
  106  7:14  Concussive Shells, Marine  
  115  7:16  Widow Mine x2  
  115  7:20  SCV  
  115  7:21  SCV  
  121  7:22  Refinery  
  121  7:30  Barracks Tech Lab, Barracks Reactor  
  121  7:31  SCV  
  121  7:33  SCV x2  
  121  7:35  Supply Depot  
  121  7:36  Supply Depot  
  124  7:37  Supply Depot  
  124  7:47  Marauder x2, Marine x2  
  132  7:51  Widow Mine  
  132  7:53  Terran Infantry Weapons Level 2  
  132  7:54  Terran Infantry Armor Level 2  
  132  7:56  Starport  
  132  7:57  Widow Mine, Marauder  
  136  8:05  Marine  
  137  8:09  Marauder  
  137  8:17  Marauder, Marine x3  
  137  8:18  Marauder  
  125  8:20  Barracks  
  125  8:21  Barracks  
  125  8:23  Marine  
  125  8:24  Barracks  
  108  8:30  Marauder  
  98  8:34  Marine x2  
  98  8:38  Marauder  
  98  8:40  Marauder, Command Center  
  104  8:42  Marine  
  104  8:43  Marine  
  104  8:44  Terran Ship Weapons Level 1  
  104  8:48  Viking x2  
  108  8:52  Viking  
  112  8:59  Viking  
  114  9:04  Marauder x3  
  114  9:05  Marine x4  
  124  9:10  Supply Depot  
  124  9:12  Supply Depot  
  124  9:13  Barracks Tech Lab  
  124  9:14  Barracks Tech Lab x2  
  124  9:15  Ghost Academy  
  124  9:23  Viking x3  
  130  9:29  Marauder x3  
  136  9:36  Viking  
  138  9:40  Supply Depot  
  138  9:41  Supply Depot  
  138  9:47  Marauder x2, Marine x3  
  138  9:48  Marauder  
  147  9:54  Marauder x3  
  153  10:01  Viking x3  
  153  10:07  Marine x3  
  153  10:10  Viking  
  158  10:15  SCV x3  
  158  10:16  Planetary Fortress  
  161  10:27  Terran Infantry Weapons Level 3, Terran Infantry Armor Level 3  
  161  10:33  Refinery  
  161  10:36  Refinery  
  161  10:38  Marauder  
  161  10:39  Marauder x5, Marine x4  
  177  10:56  Liberator x2  
  177  10:57  Marine x3  
  177  11:00  Marauder x3  
  186  11:10  Marauder x2, Marine x2  
  176  11:12  Viking  
  176  11:15  Marine x3  
  131  11:30  Marauder x3, Marine x2  
  131  11:31  Marine  
  133  11:37  Command Center  
  133  11:45  Command Center  
  133  11:49  Ghost x3  
  133  11:51  Enhanced Shockwaves  
  139  11:54  SCV x3  
  139  11:56  SCV  
  143  12:17  Ghost x2  
  143  12:18  Marine x4  
  143  12:22  Viking x4  
  110  12:44  Marauder x3, Marine x3  
  110  12:49  Marine  
  110  12:50  Marauder x3  
Show
View Real Time Build Order
Export as new Build Order

KriKristina Protoss - Winner!

Build Orders: 1 Gate Expand, Double Forge, Phoenix Opening 

Get SALT Encoding   

  12  0:00  Probe  
  13  0:12  Probe  
  14  0:18  Pylon  
  14  0:24  Probe  
  15  0:32  Probe  
  15  0:40  Probe  
  15  0:41  Gateway  
  17  0:50  Assimilator  
  17  0:51  Probe  
  18  1:00  Probe  
  19  1:08  Probe  
  20  1:23  Nexus  
  20  1:32  Cybernetics Core  
  20  1:35  Probe  
  21  1:43  Assimilator  
  21  1:47  Probe  
  21  1:50  Pylon  
  22  1:58  Adept  
  22  1:59  Probe  
  25  2:11  Probe  
  26  2:20  Stargate  
  26  2:23  Probe  
  26  2:28  Adept  
  29  2:33  Probe  
  29  2:36  Probe  
  31  2:39  Warp Gate  
  31  2:41  Probe  
  31  2:48  Pylon, Probe  
  31  2:50  Probe  
  34  2:59  Phoenix  
  34  3:00  Probe  
  34  3:02  Probe  
  38  3:12  Probe  
  39  3:14  Probe  
  40  3:21  Gateway, Phoenix  
  40  3:23  Gateway  
  40  3:24  Probe  
  43  3:32  Probe  
  44  3:38  Probe, Phoenix  
  45  3:41  Assimilator  
  45  3:43  Assimilator  
  45  3:44  Probe  
  45  3:47  Pylon  
  48  3:50  Probe  
  49  4:02  Probe  
  50  4:07  Phoenix  
  50  4:14  Probe, Nexus  
  53  4:18  Probe  
  54  4:26  Pylon, Probe  
  54  4:29  Forge  
  55  4:31  Forge  
  55  4:36  Probe  
  56  4:44  Phoenix  
  58  4:46  Probe  
  58  4:48  Robotics Facility  
  58  4:51  Probe, Twilight Council  
  60  4:54  Protoss Ground Armor Level 1, Protoss Ground Weapons Level 1  
  60  4:55  Pylon  
  60  4:59  Probe  
  61  5:16  Blink  
  61  5:32  Probe x3  
  61  5:33  Gateway  
  61  5:34  Gateway  
  64  5:35  Sentry x2  
  64  5:38  Pylon x2  
  68  5:44  Probe x2  
  68  5:48  Probe, Robotics Bay  
  71  5:56  Probe x2  
  73  6:00  Probe  
  74  6:04  Shield Battery  
  74  6:05  Shield Battery, Assimilator  
  74  6:08  Pylon, Probe x2  
  74  6:09  Pylon  
  74  6:10  Assimilator  
  76  6:12  Probe  
  77  6:19  Pylon  
  77  6:20  Probe  
  77  6:23  Gateway x2, Stalker  
  80  6:26  Probe x2  
  80  6:32  Probe  
  83  6:33  Colossus  
  83  6:37  Stalker x3  
  83  6:38  Probe x2, Extended Thermal Lance  
  97  6:48  Protoss Ground Armor Level 2  
  97  6:50  Pylon  
  97  6:56  Pylon, Protoss Ground Weapons Level 2  
  97  6:57  Sentry  
  97  6:58  Stalker  
  101  7:06  Pylon  
  101  7:12  Colossus  
  101  7:15  Charge  
  101  7:16  Nexus  
  101  7:27  Pylon  
  107  7:32  Stalker  
  107  7:37  Pylon  
  109  7:39  Stalker x2  
  109  7:40  Stalker  
  109  7:44  Pylon  
  115  7:47  Stalker x2  
  119  7:52  Stalker  
  121  8:00  Colossus, Stalker  
  121  8:04  Shield Battery  
  121  8:05  Stalker x3  
  129  8:08  Shield Battery  
  133  8:18  Stalker  
  133  8:19  Stalker x2  
  119  8:24  Stalker  
  107  8:39  Assimilator  
  107  8:43  Photon Cannon x2, Assimilator  
  107  8:44  Shield Battery  
  107  8:46  Pylon  
  107  8:48  Photon Cannon, Sentry x2  
  107  8:49  Pylon  
  107  8:50  Sentry  
  107  8:54  Observer  
  114  9:01  Gateway x2  
  114  9:02  Protoss Ground Weapons Level 3  
  114  9:05  Probe x2  
  114  9:06  Probe  
  117  9:10  Protoss Ground Armor Level 3  
  117  9:16  Colossus, Stalker x3  
  123  9:22  Photon Cannon  
  123  9:29  Pylon  
  129  9:39  Stalker  
  129  9:40  Stalker  
  129  9:41  Pylon  
  133  9:49  Pylon  
  133  9:52  Stalker x3  
  137  9:53  Stalker  
  141  10:03  Templar Archives  
  141  10:09  Probe  
  141  10:10  Warp Prism  
  141  10:12  Photon Cannon  
  141  10:13  Photon Cannon  
  144  10:15  Shield Battery  
  144  10:16  Photon Cannon  
  144  10:18  Photon Cannon  
  144  10:22  Shield Battery  
  144  10:23  Photon Cannon  
  144  10:28  Zealot x2  
  148  10:33  Pylon  
  148  10:36  Psionic Storm  
  148  10:38  Zealot x3  
  154  10:46  Zealot  
  154  10:47  Zealot x3  
  162  10:53  Stalker x2  
  166  10:59  High Templar x2  
  166  11:01  High Templar  
  172  11:10  Zealot x3  
  156  11:13  Zealot  
  156  11:18  Zealot x2  
  122  11:30  Colossus  
  128  11:35  High Templar  
  128  11:36  High Templar x3  
  136  11:41  Stalker x3  
  142  11:48  Archon  
  142  11:49  High Templar  
  142  11:50  Zealot  
  146  11:59  Archon  
  146  12:07  Gateway, Zealot  
  146  12:08  Gateway, Zealot x3  
  154  12:09  Gateway  
  154  12:13  Pylon  
  154  12:15  Colossus, Stalker x3  
  154  12:46  Zealot x4  
  154  12:48  Zealot x4  
  170  12:56  Zealot  
  170  13:03  Zealot  
  170  13:04  Zealot  
Tags
 
Add a new tag
Caveats
  • Supply blocks, unpowered buildings, or Contaminate may cause inaccurate times.
  • Supply counts are checked every 10 seconds.